 Dungeon Crawl Stone Soup version 0.31-a0-1529-g7bd419a0e5 (webtiles) character file.

Game seed: 4473821974264004882

56796 Flugslaktarn the Warrior (level 14, -1/138 HPs)
             Began as a Minotaur Fighter on Jan 1, 2024.
             Was the Champion of Okawaru.
             Killed from afar by an orc sorcerer (14 damage)
             ... with a bolt of fire
             ... on level 2 of the Orcish Mines.
             The game lasted 00:10:51 (19175 turns).

Flugslaktarn the Warrior (Minotaur Fighter)        Turns: 19175, Time: 00:10:52

Health: -1/138     AC: 22    Str: 26    XL:     14   Next: 43%
Magic:  18/20      EV: 12    Int:  5    God:    Okawaru [******]
Gold:   1312       SH: 15    Dex: 16    Spells: 13/13 levels left

rFire   + . .        R - +6 war axe (drain)
rCold   . . .        G - +1 kite shield {rPois}
rNeg    . . .        l - +2 scale mail {rF+}
rPois   +            E - +2 hat {Will+}
rElec   .            H - +2 cloak
rCorr   .            L - +2 pair of gloves {hurl}
SInv    .            (no boots)
Will    ++...        I - amulet of the acrobat
Stlth   ++           j - +4 ring of slaying
HPRegen 0.43/turn    J - +6 ring of dexterity
MPRegen 0.17/turn

%: acrobat
@: heroic
A: horns 2, retaliatory headbutt
a: Renounce Religion, Heroism, Finesse, Duel


You were on level 2 of the Orcish Mines.
You worshipped Okawaru.
Okawaru was exalted by your worship.
You visited 4 branches of the dungeon, and saw 18 of its levels.
You also visited: Sewer.

You collected 2309 gold pieces.
You spent 997 gold pieces at shops.

Inventory:

Hand Weapons
 a - a +0 war axe
 n - a +1 broad axe of flaming
   (You found it on level 3 of the Dungeon)
 s - a +2 dagger of distortion
   (You took it off a kobold on level 3 of the Dungeon)
 R - a +6 war axe of draining (weapon)
   (Okawaru gifted it to you on level 2 of the Lair of Beasts)
Missiles
 A - 3 throwing nets
Armour
 l - a +2 scale mail of fire resistance (worn)
   (You found it on level 4 of the Dungeon)
 E - a +2 hat of willpower (worn)
   (You acquired it on level 6 of the Dungeon)
 G - a +1 kite shield of poison resistance (worn)
   (You took it off a tengu warrior on level 8 of the Dungeon)
 H - a +2 cloak (worn)
   (You took it off Maurice on level 10 of the Dungeon)
 L - a +2 pair of gloves of hurling (worn)
   (You bought it in a shop on level 4 of the Dungeon)
 O - the +8 plate armour of Least Resistance {Regen+ Str+5 Int-5}
   (Okawaru gifted it to you on level 2 of the Lair of Beasts)

   Str+5:     It affects your strength (+5).
   Int-5:     It affects your intelligence (-5).
   Regen+:    It increases your rate of health regeneration.
Jewellery
 f - a ring of protection from fire
   (You found it on level 2 of the Dungeon)
 i - a ring of see invisible
   (You found it on level 2 of the Lair of Beasts)
 j - a +4 ring of slaying (left hand)
   (You bought it in a shop on level 2 of the Dungeon)
 o - a ring of poison resistance
   (You found it on level 7 of the Dungeon)
 I - an amulet of the acrobat (around neck)
   (You found it on level 10 of the Dungeon)
 J - a +6 ring of dexterity (right hand)
   (You found it on level 10 of the Dungeon)
 P - an amulet of reflection
   (You found it on level 3 of the Lair of Beasts)
Wands
 g - a wand of digging (1)
   (You found it on level 6 of the Dungeon)
 B - a wand of acid (17)
   (You found it on level 8 of the Dungeon)
 F - a wand of mindburst (7)
   (You found it on level 9 of the Dungeon)
 K - a wand of paralysis (28)
   (You found it on level 2 of the Dungeon)
Scrolls
 h - a scroll of immolation
 k - 5 scrolls of fear
 m - 2 scrolls of revelation
 p - 2 scrolls of enchant weapon
 r - 3 scrolls of identify
 t - 9 scrolls of teleportation
 v - 2 scrolls of fog
 y - a scroll of silence {unknown}
 z - 2 scrolls of blinking
 D - 3 scrolls of brand weapon
 S - a scroll of poison {unknown}
Potions
 b - 2 potions of brilliance
 c - 4 potions of berserk rage {unknown}
 d - 2 potions of might
 e - 2 potions of ambrosia {unknown}
 q - 7 potions of curing
 u - 2 potions of mutation {unknown}
 w - a potion of heal wounds
 x - a potion of attraction
 C - 4 potions of enlightenment
 M - a potion of invisibility {unknown}
 N - 2 potions of cancellation {unknown}
 Q - 3 potions of haste {unknown}
 T - a potion of magic {unknown}


   Skills:
 * Level 16.5(21.5) Fighting
 * Level 16.4(21.4) Axes
 + Level 12.4(17.4) Armour
 * Level 12.2(17.2) Shields
 - Level 10.0 Invocations


You had 13 spell levels left.
You didn't know any spells.
Your spell library contained the following spells:

 Spells                   Type           Power      Damage    Failure   Level
 Apportation              Tloc           0%         N/A       77%         1
 Necrotise                Necr           0%         1d4       77%         1
 Sting                    Conj/Alch      0%         1d3       77%         1
 Ensorcelled Hibernation  Hex/Ice        0%         N/A       88%         2
 Sublimation of Blood     Necr           0%         N/A       88%         2
 Dazzling Flash           Conj/Hex       0%         N/A       98%         3
 Fugue of the Fallen      Necr           0%         N/A       98%         3
 Mephitic Cloud           Conj/Alch/Air  0%         N/A       98%         3
 Ozocubu's Armour         Ice            0%         N/A       98%         3
 Anguish                  Hex/Necr       0%         N/A       100%        4
 Manifold Assault         Tloc           0%         N/A       100%        4
 Curse of Agony           Necr           0%         N/A       100%        5
 Silence                  Hex/Air        0%         N/A       100%        5
 Summon Small Mammal      Summ           Unusable   N/A       N/A         1
 Call Imp                 Summ           Unusable   N/A       N/A         2
 Summon Hydra             Summ           Unusable   N/A       N/A         7

Dungeon Overview and Level Annotations

Branches:
Dungeon (10/15)            Temple (1/1) D:7            Lair (5/5) D:10
  Swamp (0/4) Lair:2        Snake (0/4) Lair:2        Slime (0/5) Lair:4
    Orc (2/2) D:9           Sewer (visited)
    Elf: Orc:2

Altars:
Ashenzari
Cheibriados
Dithmenos
Elyvilon
Fedhas
Gozag
Hepliaklqana
Kikubaaqudgha
Makhleb
Nemelex Xobeh
Okawaru
Qazlal
Ru
Sif Muna
Trog
Uskayaw
Vehumet
Wu Jian
Xom
Yredelemnul
Zin
The Shining One
Jiyva

Shops:
D:2 =   D:4 [   D:5 **   D:8 ?   Orc:2 *

Portals:
Hell: Lair:5
Gauntlet: Orc:2

Annotations:
D:8 1 runed translucent door, wilk's ghost, novice TrBe
Lair:2 3 runed translucent doors, lugworm's ghost, journeyman FeSh


Innate Abilities, Weirdness & Mutations

You have a pair of horns on your head.
You reflexively headbutt those who attack you in melee.


Message History

The orc knight roars a battlecry!
The orcs go into a battle-frenzy!
An orc high priest comes into view. It is wielding a +0 glaive.
You hear a shout! x2
You slash the orc wizard!
You kill the orc wizard!
Okawaru accepts your kill.
You slice the orc knight!!
The orc sorcerer casts a spell.
The orc knight hits you with a +1 long sword!!
You closely miss the orc knight. You headbutt the orc knight.
The orc knight is moderately wounded.
You barely miss the orc knight.
The orc knight roars a battlecry!
The orc high priest goes into a battle-frenzy!
The orc high priest barely misses you.
You slash the orc knight! You drain the orc knight.
The orc knight is severely wounded.
You hit the orc knight. You block the orange demon's attack.
You hit the orc knight.
The orc knight is almost dead.
You slash the orc knight! You drain the orc knight.
The orc high priest hits you from afar with a +0 glaive!
You block the orc knight's attack.
You barely miss the orc knight.
The orc knight is almost dead.
You slash the orc knight! You drain the orc knight.
The orc knight hits you with a +0 battleaxe.
You hear some strange, mumbled words.
A puff of flame appears from out of thin air!
The puff of flame hits you but does no damage.
An orc knight comes into view. It is wielding a +3 long sword.
The orc knight hits you with a +1 long sword.
The orc high priest completely misses you.
You slash the orc knight!
You kill the orc knight!
Okawaru accepts your kill.
You hit the orc knight but do no damage.
The orc knight hits you with a +0 battleaxe!
The orc high priest performs a strange gesture.
The orc high priest prays to Beogh.
The orc knight roars a battlecry!
You hear a shout! x3
You slice the orc knight!!
The orc knight is almost dead.
You slash the orc sorcerer! You closely miss something.
The orc sorcerer casts a spell at you.
You suddenly lose the ability to move!
The orc knight hits you but does no damage.
Something hits you but does no damage.
The orc high priest hits you from afar with a +0 glaive.
The orange demon stings you from afar!
The orc knight hits you with a +0 battleaxe!
You hear some strange, mumbled words.
A magic dart appears from out of thin air!
The magic dart hits you but does no damage.
The orc sorcerer casts a spell at you. The bolt of fire hits you! You resist.
The orc high priest calls down the wrath of Beogh upon you.
Beogh smites you!
The orange demon stings you but does no damage.
Something hits you but does no damage.
The orc sorcerer hits you but does no damage.
The orc high priest hits you from afar with a +0 glaive!
* * * LOW HITPOINT WARNING * * *
The orc knight hits you but does no damage.
An orc high priest comes into view. It is wielding a +0 trident.
The orange demon stings you but does no damage.
The orc knight hits you but does no damage.
Something hits you but does no damage.
The orc sorcerer hits you but does no damage.
The orc high priest hits you from afar with a +0 glaive.
* * * LOW HITPOINT WARNING * * *
You can move again.
You gain the combat prowess of a mighty hero.
The orange demon stings you but does no damage.
You block something's attack. You block the orc sorcerer's attack.
The orc high priest hits you from afar with a +0 glaive!
* * * LOW HITPOINT WARNING * * *
The orc knight roars a battlecry!
The orc knight goes into a battle-frenzy!
You hit the orc sorcerer.
The orc sorcerer is heavily wounded.
You hit the orc knight. You slash something! Okawaru accepts your kill.
Reactivating autopickup.
You feel a bit more experienced.
You hear the thunderous beating of a drum very nearby.
The smoke demon gestures at you. Beogh smites you!
* * * LOW HITPOINT WARNING * * *
You block the orange demon's attack.
You are too injured to fight recklessly!
You hit the orc sorcerer.
The orc sorcerer is heavily wounded.
You slash the orc knight!
You kill the orc knight!
Okawaru accepts your kill. The orc sorcerer casts a spell at you.
The bolt of fire hits you! You resist.
You die...

..#####.##........
...##.##........ #
...##.##........ .
...##.##........ #. #o
##..##..##........
#∩.#o##...##.###........
#..3o...##..# #........
#.44o)##..## #........ ###
#@)..## #........ ##.## ######
#........
#...##################........
##............................
#........#................... ###
#............................
#.###............................
...#.............................
#..##........#...................


You could see an orc knight (strong), 2 orc high priests, an orange demon
(summoned), an ice devil (summoned), a smoke demon (summoned) and an orc
sorcerer (strong).

Vanquished Creatures
  Kirke (Lair:4)
  The ghost of Axkuoc the Victor of a Thousand Battles, a journeyman FoFi of Okawaru (Lair:5)
  Harold (D:10)
  3 hydras
  2 two-headed ogres (D:10)
  2 boulder beetles
  3 death yaks (D:10)
  A tengu warrior (D:8)
  A sun demon (Lair:5)
  A skeletal warrior (D:8)
  A spectral death yak (Lair:5)
  A goliath frog (Lair:2)
  Pikel (D:5)
  An arcanist (Lair:5)
  3 orc knights
  An orc sorcerer (Orc:2)
  Maurice (D:10)
  Joseph (D:8)
  8 elephants
  20 cane toads
  8 black mambas
  2 kobold blastminers
  3 orange demons (Lair:5)
  A gargoyle (D:10)
  2 torpor snails (Lair:5)
  4 komodo dragons
  Psyche (D:8)
  5 rime drakes
  3 trolls
  2 red devils (Lair:5)
  A hellwing (Lair:5)
  3 polar bears
  Prince Ribbit (D:8)
  23 blink frogs
  2 spectral dream sheep (Lair:5)
  5 wyverns
  A spectral black mamba (Lair:5)
  45 yaks
  5 hogs (Lair:4)
  A human (Lair:4)
  2 steam dragons (D:8)
  A warg (Orc:1)
  4 basilisks
  A vampire mosquito (D:8)
  A spectral cane toad (Lair:5)
  2 nagas (Lair:2)
  2 acid dragons
  18 water moccasins
  5 hell hounds (Lair:5)
  12 orc warriors
  A swamp drake (Lair:2)
  Pargi (Sewer)
  A sky beast (D:8)
  2 black bears
  An ice beast (D:7)
  20 wolves
  3 centaurs
  2 ogres
  2 lemures (D:5)
  A phantom (D:5)
  8 bullfrogs
  A brain worm (Sewer)
  2 kobold brigands
  2 gnoll sergeants
  A scorpion (D:7)
  A cane toad simulacrum (Lair:5)
  11 wights
  16 killer bees
  4 howler monkeys
  3 electric eels
  2 bombardier beetles (D:4)
  A komodo dragon simulacrum (Lair:5)
  A hound (D:5)
  5 jellies (Lair:4)
  13 orc priests
  3 gnoll boudas
  6 iguanas
  Ijyb (D:3)
  19 orc wizards
  Natasha (thrice) (D:3)
  2 sleepcaps
  10 hell rats
  28 gnolls
  11 adders
  5 river rats (Lair:2)
  2 shadow imps
  A white imp (D:5)
  2 dart slugs
  51 orcs
  7 endoplasms
  4 giant cockroaches
  7 goblins
  6 hobgoblins
  7 jackals
  16 kobolds
  4 quokkas
  8 ball pythons
  6 bats
  4 frilled lizards
  9 rats
547 creatures vanquished.

Vanquished Creatures (others)
  A white imp (D:8)
  An orc (D:8)
  A kobold (D:9)
3 creatures vanquished.

Grand Total: 550 creatures vanquished

Notes
Turn   | Place    | Note
-------+----------+-------------------------------------------
     0 | D:1      | Flugslaktarn the Minotaur Fighter began the quest for the
                  | Orb.
     0 | D:1      | Reached XP level 1. HP: 19/19 MP: 0/0
   208 | D:1      | Reached XP level 2. HP: 27/27 MP: 1/1
   476 | D:1      | Found a faded altar of an unknown god.
   885 | D:2      | Reached XP level 3. HP: 34/34 MP: 2/2
   885 | D:2      | You fall into a shaft and drop 2 floors!
   898 | D:4      | Reached XP level 4. HP: 26/41 MP: 3/3
  1130 | D:2      | Found Funipofu's Jewellery Boutique.
  1701 | D:2      | Identified a scroll of acquirement
  1702 | D:2      | Acquired 433 gold pieces
  1735 | D:3      | Reached skill level 5 in Fighting
  1790 | D:3      | Noticed Natasha
  1799 | D:3      | Killed Natasha
  1891 | D:3      | Reached XP level 5. HP: 48/48 MP: 4/4
  1965 | D:3      | Found a faded altar of an unknown god.
  1971 | D:3      | Found a basalt altar of Yredelemnul.
  2107 | D:3      | Noticed Ijyb
  2300 | D:3      | Killed Ijyb
  2339 | D:3      | Noticed Natasha
  2345 | D:3      | Killed Natasha
  2346 | D:3      | Reached skill level 5 in Axes
  2593 | D:4      | Found a white marble altar of Elyvilon.
  2648 | D:4      | Reached XP level 6. HP: 52/57 MP: 5/5
  2912 | D:4      | Reached skill level 5 in Armour
  3059 | D:4      | Found Itrol's Antique Armour Emporium.
  3096 | D:4      | Bought a pair of embroidered gloves for 157 gold pieces
  3661 | D:5      | Entered Level 5 of the Dungeon
  3757 | D:5      | Reached XP level 7. HP: 25/64 MP: 6/6
  4098 | D:5      | Noticed Pikel
  4113 | D:5      | Killed Pikel
  4114 | D:5      | Reached XP level 8. HP: 8/74 MP: 7/7
  4836 | D:5      | Found Uvygut's General Store.
  4838 | D:5      | Found Kecipp's Specific Store.
  4849 | D:5      | Bought a potion of heal wounds for 60 gold pieces
  4873 | D:5      | Found an ancient bone altar of Kikubaaqudgha.
  5379 | D:6      | Identified the beast talisman "Neucreal" {Fly rElec}
  5484 | D:6      | Found a glowing silver altar of Zin.
  5513 | D:6      | Found a glowing drain.
  5517 | Sewer    | Entered a sewer
  5533 | Sewer    | Noticed Pargi
  5540 | Sewer    | Killed Pargi
  5541 | Sewer    | Reached XP level 9. HP: 76/85 MP: 6/8
  5641 | D:6      | Acquired a +2 hat of willpower
  5769 | D:6      | Found an ornate altar of the Wu Jian Council.
  5769 | D:6      | Found a burning altar of Makhleb.
  5769 | D:6      | Found a stormy altar of Qazlal.
  5773 | D:6      | Found a blossoming altar of Fedhas.
  5871 | D:6      | Found an opulent altar of Gozag.
  5994 | D:7      | Found a staircase to the Ecumenical Temple.
  6006 | Temple   | Entered the Ecumenical Temple
  6032 | Temple   | Became a worshipper of Warmaster Okawaru
  6191 | D:7      | Reached skill level 10 in Fighting
  6237 | D:7      | Reached skill level 10 in Axes
  7284 | D:8      | Noticed a troll
  7288 | D:8      | Noticed Prince Ribbit
  7305 | D:8      | Killed a troll
  7310 | D:8      | Killed Prince Ribbit
  7310 | D:8      | Reached * piety under Okawaru
  7311 | D:8      | Reached skill level 1 in Invocations
  7443 | D:8      | Found a hide-covered altar of Uskayaw.
  7603 | D:8      | Noticed Psyche
  7616 | D:8      | Reached XP level 10. HP: 63/96 MP: 7/10
  7619 | D:8      | Killed Psyche
  7619 | D:8      | Reached ** piety under Okawaru
  7740 | D:8      | Identified the +7 long sword of Zouxegoy {pain, rElec}
  7811 | D:8      | Found Buzegech's Magic Scroll Emporium.
  7840 | D:8      | Noticed Joseph
  7852 | D:8      | Killed Joseph
  8150 | D:8      | Found a runed translucent door.
  8150 | D:8      | Noticed wilk's ghost (novice TrBe)
  8150 | D:8      | Noticed a centaur warrior
  8255 | D:8      | Reached *** piety under Okawaru
  8759 | D:8      | Noticed a boulder beetle
  8759 | D:8      | Noticed a skeletal warrior
  8760 | D:8      | Noticed a tengu warrior
  8768 | D:8      | Killed a skeletal warrior
  8784 | D:8      | Reached **** piety under Okawaru
  8792 | D:8      | Killed a boulder beetle
  8794 | D:8      | Killed a tengu warrior
  9208 | D:9      | Found a faded altar of an unknown god.
  9209 | D:9      | Found a hazy altar of Hepliaklqana.
  9211 | D:9      | Found a faded altar of an unknown god.
  9240 | D:9      | Found a sacrificial altar of Ru.
  9243 | D:9      | Reached XP level 11. HP: 86/105 MP: 12/12
  9373 | D:9      | Reached skill level 5 in Shields
  9920 | D:9      | Found a blossoming altar of Fedhas.
 10208 | D:9      | Found a staircase to the Orcish Mines.
 10259 | D:10     | Entered Level 10 of the Dungeon
 10303 | D:10     | Reached ***** piety under Okawaru
 10304 | D:10     | Reached skill level 5 in Invocations
 10316 | D:10     | Noticed a two-headed ogre
 10330 | D:10     | Killed a two-headed ogre
 10597 | D:10     | Noticed a death yak
 10599 | D:10     | Found a staircase to the Lair.
 10599 | D:10     | Noticed a death yak
 10600 | D:10     | Noticed a death yak
 10614 | D:10     | Killed a death yak
 10615 | D:10     | Reached skill level 10 in Armour
 10619 | D:10     | Killed a death yak
 10853 | D:10     | Killed a death yak
 10904 | D:10     | Noticed Harold
 10911 | D:10     | Killed Harold
 10995 | D:10     | Noticed Maurice
 10999 | D:10     | Maurice stole 4 throwing nets
 11008 | D:10     | Something stole a +2 dagger of distortion
 11017 | D:10     | Something stole 3 throwing nets
 11023 | D:10     | Something stole 667 gold
 11027 | D:10     | Something stole 48 gold
 11034 | D:10     | Killed Maurice
 11034 | D:10     | Received a gift from Okawaru
 11211 | D:10     | Noticed a two-headed ogre
 11215 | D:10     | Killed a two-headed ogre
 11216 | D:10     | Reached XP level 12. HP: 62/116 MP: 15/15
 11993 | D:3      | Noticed Natasha
 12003 | D:3      | Killed Natasha
 12043 | D:2      | Bought a +4 ring of slaying for 780 gold pieces
 12242 | Lair:1   | Entered Level 1 of the Lair of Beasts
 12419 | Lair:1   | Received a gift from Okawaru
 12775 | Lair:1   | Identified the +6 hand axe of Judgement {flame, rElec
                  | Dex+3}
 13004 | Lair:1   | Received a gift from Okawaru
 13477 | Lair:2   | Noticed a six-headed hydra
 13483 | Lair:2   | Killed a three-headed hydra
 13513 | Lair:2   | Found a staircase to the Swamp.
 13536 | Lair:2   | Reached XP level 13. HP: 125/125 MP: 18/18
 13618 | Lair:2   | Found a staircase to the Snake Pit.
 13651 | Lair:2   | Reached skill level 15 in Fighting
 14103 | Lair:2   | Reached ****** piety under Okawaru
 14104 | Lair:2   | Reached skill level 10 in Shields
 14104 | Lair:2   | Acquired the +8 plate armour of Least Resistance {Regen+
                  | Str+5 Int-5}
 14104 | Lair:2   | Received a gift from Okawaru
 14131 | Lair:2   | Found a runed translucent gate.
 14132 | Lair:2   | Found a runed translucent gate.
 14134 | Lair:2   | Found a runed translucent gate.
 14273 | Lair:2   | Noticed lugworm's ghost (journeyman FeSh)
 14277 | Lair:2   | Found a viscous altar of Jiyva.
 14426 | Lair:2   | Reached skill level 15 in Axes
 14626 | Lair:3   | Received a gift from Okawaru
 14819 | Lair:3   | Acquired a +6 war axe of draining
 14819 | Lair:3   | Received a gift from Okawaru
 16091 | Lair:4   | Noticed Kirke
 16107 | Lair:4   | Killed Kirke
 16107 | Lair:4   | Received a gift from Okawaru
 16309 | Lair:4   | Found a staircase to the Slime Pits.
 16309 | Lair:4   | Found a viscous altar of Jiyva.
 16530 | Lair:5   | Entered Level 5 of the Lair of Beasts
 16820 | Lair:5   | Received a gift from Okawaru
 16821 | Lair:5   | Reached XP level 14. HP: 115/137 MP: 20/20
 17482 | Lair:5   | Found a runed translucent gate.
 17482 | Lair:5   | Found a runed translucent gate.
 17482 | Lair:5   | Found a runed translucent gate.
 17483 | Lair:5   | Noticed Axkuoc's ghost (journeyman FoFi)
 17838 | Lair:5   | Found a burning altar of Makhleb.
 17856 | Lair:5   | Found a gateway to Hell.
 17862 | Lair:5   | Reached skill level 10 in Invocations
 18211 | Lair:5   | Killed Axkuoc's ghost
 18396 | Lair:5   | Identified the staff "Vewnaw" {Fly rPois rF- Will+ Air
                  | Alchemy}
 18575 | Orc:1    | Entered Level 1 of the Orcish Mines
 18916 | Orc:2    | Entered Level 2 of the Orcish Mines
 18992 | Orc:2    | Received a gift from Okawaru
 19130 | Orc:2    | Found a gate leading to a gauntlet.
 19154 | Orc:2    | Found Dip Ogh's Assorted Antiques.
 19169 | Orc:2    | Paralysed by an orc sorcerer for 3 turns
 19175 | Orc:2    | Killed from afar by an orc sorcerer

Illustrated notes

Levels and vault maps discovered:
D:1:      minmay_arrival_doors, layout_loops_ring,
          shapermc_ecumenical_altar_totnotflames, minmay_crystal_water
D:2:      layout_basic, serial_shops, shop_coins, minmay_tall_x
D:3:      layout_loops_ring, nicolae_overflow_ecumenical_swirl, uniq_natasha,
          uniq_ijyb
D:4:      layout_gridville, elyvilon_altar_5, serial_shops, shop
D:5:      layout_cave_pools, mainiacjoe_overflow_brackets,
          nicolae_specific_store, uniq_pikel
D:6:      layout_rooms, pdpol_temple_overflow_zin_treasury_gozag_greed,
          minitemple, mainiacjoe_sewer_entry_somewhere_in_here_2
D:7:      layout_basic, minmay_temple_entry_junction, minmay_strange_pillars,
          minmay_tree_intersection, hangedman_abyss_or_decor_jellyfish_corner
D:8:      minmay_chambers_of_sevens, layout_layer_cave,
          mainiacjoe_overflow_tiny_flanked, ebering_ghost_inner_flame,
          serial_shops, shop, minivault_4, minmay_fountain_box,
          uniq_prince_ribbit1, uniq_joseph, uniq_psyche
D:9:      layout_roguey, nicolae_hepliaklqana_ecumenical_no_more, erik_orc_2,
          hangedman_abyss_or_decor_passed, hangedman_feature_mirror
D:10:     layout_loops_corners, dpeg_lair_monsters, uniq_maurice, uniq_harold
Temple:   chequers_temple_sunken
Lair:1:   layout_hall_layers, grunt_megastairs_3
Lair:2:   layout_roguey, mainiacjoe_swamp_entry_lozenge_pond,
          guppyfry_snake_entry_island, gammafunk_ghost_ooze,
          kennysheep_abandoned_house, lemuel_fruit_fields
Lair:3:   layout_gridlike
Lair:4:   layout_long_grid, nicolae_slime_entry_slimehenge, uniq_kirke
Lair:5:   evil_forest, layout_long_grid, gammafunk_ghost_necromancy,
          serial_bayou_pond_b, st_stairs_10, serial_bayou_pond_c,
          chequers_serial_rivers_marsh, minmay_hedge_maze
Orc:1:    layout_caves, mines5_lemuel
Orc:2:    st_orc_elflike, layout_diamond_mine, gauntlet_entry_generic,
          nicolae_orc_tapped_out

Skill      XL: |  1  2  3  4  5  6  7  8  9 10 11 12 13 14 |
---------------+-------------------------------------------+-----
Fighting       | 4 5 6 8 9 11 12 13 14 16 | 16.5
Axes           | 3 4 5 6 7 9 11 12 13 14 15 16 | 16.4
Armour         | 4 5 6 7 8 9 10 11 12 | 12.4
Invocations    | 1 3 6 8 9 10 | 10.0
Shields        | 4 7 9 11 12 | 12.2

Action                     |  1- 3 |  4- 6 |  7- 9 | 10-12 | 13-15 || total
---------------------------+-------+-------+-------+-------+-------++-------
  Melee: War axe           |    52 |     4 |       |       |   308 ||   364
         Headbutt          |    12 |    28 |    39 |    93 |    82 ||   254
         Broad axe         |       |   152 |   252 |   478 |   111 ||   993
 Invoke: Heroism           |       |       |     1 |     7 |     5 ||    13
         Finesse           |       |       |       |     1 |       ||     1
         Receive Weapon    |       |       |       |       |     1 ||     1
         Receive Armour    |       |       |       |       |     1 ||     1
  Evoke: Wand              |       |       |       |     2 |       ||     2
    Use: Scroll            |       |     5 |     9 |     5 |     2 ||    21
         Potion            |       |     1 |     6 |     4 |       ||    11
   Stab: Paralysed         |       |       |       |     1 |       ||     1
 Armour: Scale mail        |    27 |   132 |   318 |   371 |   261 ||  1109
  Dodge: Dodged            |    30 |    88 |   148 |   132 |   136 ||   534
  Block: Buckler           |    15 |    39 |    77 |    15 |       ||   146
         Kite shield       |       |       |       |   214 |   276 ||   490

Table legend: (Time is in decaauts)
 A = Elapsed time spent in this place.
 B = Non-inter-level travel time spent in this place.
 C = Inter-level travel time spent in this place.
 D = Time resting spent in this place.
 E = Time spent auto-exploring this place.
 F = Levels seen in this place.
 G = Mean time per level.
                   A        B        C        D        E       F      G
               +--------+--------+--------+--------+--------+-----+--------+
         Total |  19346 |  18270 |   1076 |   2390 |  12921 |  19 | 1018.2 |
       Dungeon |  12340 |  11480 |    860 |   2132 |   7396 |  10 | 1234.0 |
        Temple |     62 |     40 |     22 |      0 |      0 |   1 |   62.0 |
          Lair |   6207 |   6031 |    176 |    254 |   4960 |   5 | 1241.4 |
  Orcish Mines |    589 |    571 |     18 |      0 |    508 |   2 |  294.5 |
         Sewer |    147 |    147 |      0 |      4 |     56 |   1 |  147.0 |
               +--------+--------+--------+--------+--------+-----+--------+

Top non-repeatable levels by time:
     D:8: 1939 daAuts
  Lair:5: 1880 daAuts
     D:4: 1706 daAuts
    D:10: 1686 daAuts
     D:7: 1344 daAuts
  Lair:2: 1249 daAuts
     D:9: 1183 daAuts
  Lair:1: 1120 daAuts
  Lair:4: 1059 daAuts
     D:5: 1057 daAuts
     D:3: 937 daAuts
  Lair:3: 897 daAuts
     D:6: 849 daAuts
     D:1: 839 daAuts
     D:2: 796 daAuts
